 Dungeon Crawl Stone Soup version 0.31-a0-986-g5e6e4ef867 (webtiles) character file.

Game seed: 9366096654926756055

80 monsoonserge the Gusty (level 4, -2/32 HPs)
             Began as a Gnoll Air Elementalist on Nov 23, 2023.
             Slain by Crazy Yiuf
             ... wielding a +4 quarterstaff of chaos
              (12 damage)
             ... on level 2 of the Dungeon.
             The game lasted 00:06:53 (2074 turns).

monsoonserge the Gusty (Gnoll Air Elementalist)     Turns: 2074, Time: 00:06:54

Health: -2/32      AC:  4    Str:  7    XL:     4   Next: 39%
Magic:  3/11       EV: 13    Int: 17    God:
Gold:   156        SH:  0    Dex: 12    Spells: 5/13 levels left

rFire   . . .        c - +0 short sword
rCold   . . .        (no shield)
rNeg    . . .        a - +0 robe
rPois   .            e - +0 helmet
rElec   .            k - +0 cloak
rCorr   .            (no gloves)
SInv    .            (no boots)
Will    .....        (no amulet)
Stlth   ++           (no ring)
HPRegen 0.25/turn    (no ring)
MPRegen 0.12/turn

%: no passive effects
@: very slightly contaminated
A: fangs 1, strong nose, distributed training
a: no special abilities


You were on level 2 of the Dungeon.
You visited 1 branch of the dungeon, and saw 2 of its levels.

You collected 156 gold pieces.

Inventory:

Hand Weapons
 c - a +0 short sword (weapon)
Missiles
 h - 4 darts of dispersal
Armour
 a - a +0 robe (worn)
 e - a +0 helmet (worn)
 k - a +0 cloak (worn)
 n - a +0 scale mail
Scrolls
 d - a scroll of immolation {unknown}
 f - 2 scrolls of identify {unknown}
Potions
 b - a potion of magic
 g - a potion of curing {unknown}
 i - a potion of brilliance {unknown}
 j - a potion of enlightenment {unknown}
 l - 2 potions of haste {unknown}
 m - a potion of degeneration {unknown}
 o - a potion of berserk rage {unknown}
 p - a potion of mutation {unknown}


   Skills:
 + Level 1.1 Fighting
 + Level 1.1 Short Blades
 + Level 1.1 Long Blades
 + Level 1.1 Axes
 + Level 1.1 Maces & Flails
 + Level 1.1 Polearms
 + Level 1.1 Staves
 + Level 1.1 Ranged Weapons
 + Level 1.1 Throwing
 + Level 1.1 Armour
 + Level 4.6 Dodging
 + Level 4.2 Stealth
 + Level 1.1 Shields
 + Level 1.1 Unarmed Combat
 + Level 5.1 Spellcasting
 + Level 2.2 Conjurations
 + Level 0.9 Hexes
 + Level 0.9 Summonings
 + Level 0.9 Necromancy
 + Level 0.9 Translocations
 + Level 0.9 Transmutations
 + Level 0.9 Fire Magic
 + Level 0.9 Ice Magic
 + Level 5.4 Air Magic
 + Level 0.9 Earth Magic
 + Level 0.9 Poison Magic
 + Level 1.2 Invocations
 + Level 1.1 Evocations
 + Level 1.0 Shapeshifting


You had 5 spell levels left.
You knew the following spells:

 Your Spells              Type           Power      Damage    Failure   Level
a - Shock                 Conj/Air       68%        1d7       3%          1
b - Swiftness             Air            23%        N/A       4%          3
c - Airstrike             Air            11%        2d(2-18)  14%         4

Your spell library contained the following spells:

 Spells                   Type           Power      Damage    Failure   Level
 Static Discharge         Conj/Air       34%        3-5/arc   4%          2
 Summon Lightning Spire   Summ/Air       15%        N/A       36%         4
 Animate Armour           Summ/Erth      14%        N/A       67%         4
 Lee's Rapid Deconstruct  Erth           3%         3d5*      95%         5


Dungeon Overview and Level Annotations

Branches:
Dungeon (2/15)

Altars:

Annotations:
D:2 Crazy Yiuf


Innate Abilities, Weirdness & Mutations

You have very sharp teeth.
Your uncanny sense of smell can sniff out nearby items.
Your experience applies equally to all skills.


Message History

Search for what [? for help]? armo Unknown command.
o - a metallic puce potion A giant cockroach comes into view.
Found a stone staircase leading up.
The helpless giant cockroach fails to defend itself.
You puncture the giant cockroach!
You kill the giant cockroach!
You see here a giant cockroach corpse.
There is a stone staircase leading up here.
p - an amethyst potion
Found a hammer.
Found a runed translucent door.
Crazy Yiuf shouts!
Press: ? - help, v - describe, . - travel, g - get item Item here: a hammer.
The floor.
Casting: Shock (safe; 3% risk of failure)
Confirm with . or Enter, or press ? or * to list all spells.
Okay, then.
You open the door.
Casting: Shock (safe; 3% risk of failure)
Confirm with . or Enter, or press ? or * to list all spells.
Aiming: Airstrike (quite dangerous; 14% risk of failure)
Press: ? - help, Dir - move target, f - Crazy Yiuf
Aim: Crazy Yiuf, wielding a +4 quarterstaff of chaos and wearing a +0 cloak (empty space bonus: 3/8)
The air twists around and strikes Crazy Yiuf.
Crazy Yiuf is moderately wounded.
Crazy Yiuf hits you with a +4 quarterstaff of chaos.
Crazy Yiuf burns you.
Casting: Airstrike (quite dangerous; 14% risk of failure)
Confirm with . or Enter, or press ? or * to list all spells.
Aiming: Airstrike (quite dangerous; 14% risk of failure)
Press: ? - help, Dir - move target, f/p - Crazy Yiuf
Aim: Crazy Yiuf, wielding a +4 quarterstaff of chaos and wearing a +0 cloak (moderately wounded, empty space bonus: 3/8)
You miscast Airstrike.
You are very lightly contaminated with residual magic.
You feel a sudden electric shock!
Crazy Yiuf whimpers, "Snurf leg illywillydillykilly!"
Crazy Yiuf hits you with a +4 quarterstaff of chaos!
You die...

#.##.##.##.#
#..
#######.##.#
##. #.##.#
#. #####
###.##.# #.
#..)#
#..†##.# #.
#...#
#<.....# #.
... ########
#. #g# #.
♣♣@♣ #. ♣.♣♣
#. ♣♣.♣ #.
♣.♣♣ #<
♣♣.♣♣ #.
♣...♣♣ #.
♣....♣ #.#
###. ##..##
#.# #...
#....#
####.# #.##


You could see Crazy Yiuf.

Vanquished Creatures
  An adder (D:2)
  A worm (D:2)
  4 dart slugs
  3 ball pythons
  5 endoplasms
  4 giant cockroaches
  6 goblins
  3 hobgoblins
  6 jackals (D:2)
  A quokka (D:2)
  3 bats
  5 frilled lizards (D:1)
  10 kobolds
  2 rats
54 creatures vanquished.

Notes
Turn   | Place    | Note
-------+----------+-------------------------------------------
     0 | D:1      | monsoonserge the Gnoll Air Elementalist began the quest for
                  | the Orb.
     0 | D:1      | Reached XP level 1. HP: 13/13 MP: 6/6
   106 | D:1      | Found a faded altar of an unknown god.
   415 | D:1      | Reached XP level 2. HP: 19/19 MP: 4/7
   799 | D:1      | Reached skill level 5 in Spellcasting
   799 | D:1      | Reached XP level 3. HP: 25/25 MP: 4/9
   803 | D:1      | Learned a level 3 spell: Swiftness
  1268 | D:2      | Reached skill level 1 in Invocations
  1443 | D:2      | Reached skill level 1 in Fighting
  1443 | D:2      | Reached skill level 1 in Short Blades
  1443 | D:2      | Reached skill level 1 in Long Blades
  1443 | D:2      | Reached skill level 1 in Axes
  1443 | D:2      | Reached skill level 1 in Maces & Flails
  1443 | D:2      | Reached skill level 1 in Polearms
  1443 | D:2      | Reached skill level 1 in Staves
  1443 | D:2      | Reached skill level 1 in Ranged Weapons
  1443 | D:2      | Reached skill level 1 in Throwing
  1443 | D:2      | Reached skill level 1 in Armour
  1443 | D:2      | Reached skill level 1 in Shields
  1443 | D:2      | Reached skill level 1 in Unarmed Combat
  1443 | D:2      | Reached skill level 1 in Evocations
  1600 | D:2      | Reached XP level 4. HP: 30/32 MP: 6/11
  1605 | D:2      | Reached skill level 1 in Shapeshifting
  1734 | D:2      | Learned a level 4 spell: Airstrike
  2068 | D:2      | Found a runed translucent door.
  2069 | D:2      | Noticed Crazy Yiuf
  2074 | D:2      | Slain by Crazy Yiuf

Illustrated notes

Levels and vault maps discovered:
D:1:      roderic_octagonal_star, layout_basic,
          chequers_ecumenical_altar_simple, hangedman_glass_teeth,
          lexackson_kobold_supper
D:2:      layout_loops_ring, st_stairs_5, minivault_14, uniq_crazy_yiuf_cottage

Skill      XL: |  1  2  3  4 |
---------------+-------------+-----
Conjurations   | 2 |  2.2
Spellcasting   | 5 |  5.1
Invocations    | 1 |  1.2
Fighting       | 1 |  1.1
Short Blades   | 1 |  1.1
Long Blades    | 1 |  1.1
Axes           | 1 |  1.1
Maces & Flails | 1 |  1.1
Polearms       | 1 |  1.1
Staves         | 1 |  1.1
Ranged Weapons | 1 |  1.1
Throwing       | 1 |  1.1
Armour         | 1 |  1.1
Shields        | 1 |  1.1
Unarmed Combat | 1 |  1.1
Evocations     | 1 |  1.1
Shapeshifting  | 1 |  1.0
Dodging        | |  4.6
Stealth        | |  4.2
Hexes          | |  0.9
Summonings     | |  0.9
Necromancy     | |  0.9
Translocations | |  0.9
Transmutations | |  0.9
Fire Magic     | |  0.9
Ice Magic      | |  0.9
Air Magic      | |  5.4
Earth Magic    | |  0.9
Poison Magic   | |  0.9

Action                     |  1- 3 |  4- 6 || total
---------------------------+-------+-------++-------
  Melee: Short sword       |     3 |     5 ||     8
         Bite              |     1 |       ||     1
   Cast: Shock             |    70 |    23 ||    93
         Airstrike         |       |     1 ||     1
   Stab: Sleeping          |       |     1 ||     1
 Armour: Robe              |    13 |     6 ||    19
  Dodge: Dodged            |    19 |    12 ||    31

Table legend: (Time is in decaauts)
 A = Elapsed time spent in this place.
 B = Non-inter-level travel time spent in this place.
 C = Inter-level travel time spent in this place.
 D = Time resting spent in this place.
 E = Time spent auto-exploring this place.
 F = Levels seen in this place.
 G = Mean time per level.
                   A        B        C        D        E       F      G
               +--------+--------+--------+--------+--------+-----+--------+
         Total |   2073 |   2052 |     21 |    182 |   1425 |   2 | 1036.5 |
       Dungeon |   2073 |   2052 |     21 |    182 |   1425 |   2 | 1036.5 |
               +--------+--------+--------+--------+--------+-----+--------+

Top non-repeatable levels by time:
     D:1: 1251 daAuts
     D:2: 821 daAuts
